 Dungeon Crawl Stone Soup version 0.23.2-30-g0e89c35649 (webtiles) character file.

Game seed: 14155814149318340641

80631 Nordron the Fighter (level 15, -1/138 HPs)
             Began as a Grey Draconian Ice Elementalist on June 12, 2019.
             Was the Champion of Qazlal.
             Slain by an orc warrior
             ... wielding a +0 hand axe
              (27 damage)
             ... on level 1 of the Orcish Mines.
             The game lasted 03:32:35 (30394 turns).

Nordron the Fighter (DrIE)                         Turns: 30394, Time: 03:32:41

Health: -1/138     AC: 20    Str: 11    XL:     15   Next: 24%
Magic:  7/31       EV: 12    Int: 26    God:    Qazlal [******]
Gold:   2273       SH:  8    Dex: 12    Spells: 13/38 levels left

rFire    + . .     SeeInvis .   y - +6 war axe "Ebuj" {freeze, *Corrode Int+5}
rCold    . . .     Gourm    .   (no shield)
rNeg     . . .     Faith    .   (armour unavailable)
rPois    .         Spirit   .   (helmet restricted)
rElec    .         Reflect  .   V - +1 cloak
rCorr    .         Harm     .   T - +0 pair of gloves
MR       +....                  (no boots)
Stlth    +.........             (no amulet)
HPRegen  0.33/turn              I - ring of protection from fire
MPRegen  0.22/turn              v - +4 ring of slaying

@: protected from physical damage, slowed, repel missiles, very slow
A: walk through water, unfitting armour, unbreathing, cold-blooded, AC +14
a: Upheaval, Elemental Force, Disaster Area, Renounce Religion


You were on level 1 of the Orcish Mines.
You worshipped Qazlal.
Qazlal was exalted by your worship.
You were not hungry.

You visited 4 branches of the dungeon, and saw 24 of its levels.
You also visited: Ossuary and Volcano.

You collected 2273 gold pieces.

Inventory:

Hand Weapons
 c - the +6 long sword of Grace {freeze, +Fly rN+}
   (You found it on level 1 of the Lair of Beasts)

   It has been specially enchanted to freeze those struck by it, causing extra
   injury to most foes and up to half again as much damage against particularly
   susceptible opponents.
   It can also slow down cold-blooded creatures.
   It protects you from negative energy.
   It lets you fly.
 d - a +7 broad axe of venom
 y - the +6 war axe "Ebuj" (weapon) {freeze, *Corrode Int+5}
   (You took it off a centaur on level 9 of the Dungeon)

   It has been specially enchanted to freeze those struck by it, causing extra
   injury to most foes and up to half again as much damage against particularly
   susceptible opponents.
   It can also slow down cold-blooded creatures.
   It affects your intelligence (+5).
   It may corrode you when you take damage.
 K - the +5 demon whip "Spellbinder" {antimagic, MR+}
   (You found it on level 4 of the Lair of Beasts)

   It reduces the magical energy of the wielder, and disrupts the spells and
   magical abilities of those hit.
   Natural abilities and divine invocations are not affected.
   It affects your resistance to hostile enchantments.
Missiles
 Q - a throwing net (quivered)
Armour
 q - a +1 large shield of protection
 x - a +0 shield
 T - a +0 pair of gloves (worn)
 V - a +1 cloak (worn)
Magical Staves
 i - an uncursed staff of cold
 D - an uncursed staff of conjuration
 R - an uncursed staff of fire
Jewellery
 v - a +4 ring of slaying (right hand)
 B - a +4 ring of strength
 E - an uncursed ring of fire
 I - a ring of protection from fire (left hand)
 P - an uncursed ring of wizardry
Wands
 s - a wand of disintegration (23)
 H - a wand of flame (35)
 M - a wand of enslavement (15)
 N - a wand of acid (10)
 S - a wand of digging (5)
 U - a wand of clouds (3)
Scrolls
 a - 3 scrolls of enchant armour
 f - 9 scrolls of remove curse
 h - 4 scrolls of magic mapping
 k - 3 scrolls of enchant weapon
 n - 9 scrolls of teleportation
 r - 2 scrolls of fear
 G - 3 scrolls of blinking
 J - 4 scrolls of identify
 L - 2 scrolls of fog
 O - a scroll of brand weapon
Potions
 e - 7 potions of curing
 g - a potion of mutation
 j - a potion of berserk rage
 l - 3 potions of might
 m - 4 potions of heal wounds
 o - 3 potions of cancellation
 p - 4 potions of resistance
 t - 6 potions of haste
 u - 5 potions of lignification
 w - 2 potions of agility
 z - 2 potions of flight
 A - 2 potions of magic
 C - 6 potions of brilliance
 F - 2 potions of experience
Comestibles
 b - 35 rations


   Skills:
 + Level 14.0 Fighting
 - Level 1.7 Dodging
 - Level 1.7 Stealth
 + Level 8.9 Shields
 + Level 12.1 Spellcasting
 - Level 9.0 Conjurations
 - Level 7.0 Summonings
 + Level 10.1 Ice Magic
 * Level 3.7 Air Magic
 + Level 2.6 Earth Magic
 - Level 10.0 Invocations


You had 13 spell levels left.
You knew the following spells:

 Your Spells              Type           Power        Failure   Level  Hunger
a - Freeze                Ice            ####         1%          1    None
b - Throw Frost           Conj/Ice       ######       1%          2    None
c - Throw Icicle          Conj/Ice       ######..     1%          4    None
d - Summon Ice Beast      Ice/Summ       ######..     1%          4    None
e - Apportation           Tloc           ###...       3%          1    None
f - Mephitic Cloud        Conj/Pois/Air  #####...     1%          3    None
g - Freezing Cloud        Conj/Ice/Air   ######....   24%         6    #####..
h - Petrify               Tmut/Erth      ###.....     22%         4    None

Your spell library contained the following spells:

 Spells                   Type           Power        Failure   Level  Hunger
 Magic Dart               Conj           ####         1%          1    None
 Shock                    Conj/Air       ####         1%          1    None
 Summon Butterflies       Summ           ######..     1%          1    None
 Summon Small Mammal      Summ           ####         1%          1    None
 Ensorcelled Hibernation  Hex/Ice        #####.       1%          2    None
 Conjure Flame            Conj/Fire      #####...     1%          3    None
 Dazzling Spray           Conj/Hex       #####.       1%          3    None
 Ozocubu's Armour         Chrm/Ice       #####...     1%          3    None
 Static Discharge         Conj/Air       #####...     1%          3    None
 Poisonous Vapours        Pois/Air       ####..       2%          2    None
 Swiftness                Chrm/Air       ####....     2%          2    None
 Animate Skeleton         Necr           N/A          3%          1    None
 Beastly Appendage        Tmut           ###...       3%          1    None
 Confusing Touch          Hex            ###...       3%          1    None
 Corona                   Hex            ###....      3%          1    None
 Infusion                 Chrm           ###.         3%          1    None
 Ice Form                 Ice/Tmut       #####...     4%          4    None
 Shroud of Golubria       Chrm/Tloc      ###.......   5%          2    None
 Song of Slaying          Chrm           ###.....     5%          2    None
 Sticks to Snakes         Tmut           ###.....     5%          2    None
 Airstrike                Air            #####.....   8%          4    None
 Lightning Bolt           Conj/Air       #####.....   8%          5    ###....
 Confuse                  Hex            ###.....     11%         3    None
 Gell's Gravitas          Tloc           ###.......   11%         3    None
 Regeneration             Chrm/Necr      ###.......   11%         3    None
 Spectral Weapon          Hex/Chrm       ###.....     11%         3    None
 Spider Form              Tmut/Pois      ###.......   11%         3    None
 Tukima's Dance           Hex            ###.....     11%         3    None
 Metabolic Englaciation   Hex/Ice        #####.....   13%         5    ###....
 Shadow Creatures         Summ           N/A          30%         6    #####..
 Silence                  Hex/Air        ####......   43%         5    ###....
 Borgnjor's Vile Clutch   Necr/Erth      ###.......   52%         5    ###....
 Blade Hands              Tmut           ###.......   71%         5    ###....
 Yara's Violent Unravell  Hex/Tmut       ###.......   71%         5    ###....
 Darkness                 Hex            ###.......   99%         6    #####..
 Ring of Flames           Chrm/Fire      ###.......   100%        7    ######.


Dungeon Overview and Level Annotations

Branches:
Dungeon (15/15)            Temple (1/1) D:4            Lair (6/6) D:10
  Swamp (0/4) Lair:3       Spider (0/4) Lair:3        Slime (0/5) Lair:6
    Orc (2/2) D:11            Elf (0/3) Orc:2        Vaults (0/5) D:13
 Depths: D:15

Altars:
Ashenzari
Cheibriados
Dithmenos
Elyvilon
Fedhas
Gozag
Hepliaklqana
Kikubaaqudgha
Nemelex Xobeh
Okawaru
Qazlal
Ru
Trog
Uskayaw
Vehumet
Wu Jian
Xom
Yredelemnul
Zin
The Shining One
Jiyva
Lugonu

Shops:
D:10 ((

Annotations:
D:7 3 runed translucent doors, straszyg's ghost, novice GrFi
D:14 3 runed translucent doors, exclusion: orange crystal statue
D:15 exclusion: Roxanne, Roxanne
Lair:6 1 runed translucent door


Innate Abilities, Weirdness & Mutations

You can walk through water.
Your dull iron-grey scales are very hard. (AC +14)
You cannot fit into any form of body armour.
You can survive without breathing.
You are cold-blooded and may be slowed by cold attacks.


Message History

Press: ? - help, Shift-Dir - straight line, f - orc warrior
Aim: an orc warrior, wielding a +0 hand axe and wearing a +0 plate armour (heavily wounded, unusually strong)
The ball explodes into a vile cloud!
The stinking cloud engulfs the orc warrior but does no damage.
The orc warrior is heavily wounded.
The stinking cloud engulfs you but does no damage.
The stinking cloud engulfs the orc wizard but does no damage.
The orc wizard is severely wounded.
The orc wizard is engulfed in freezing vapours.
You kill the orc wizard!
Qazlal accepts your kill.
The orc warrior is engulfed in noxious fumes.
The orc warrior closely misses you.
You hit the orc warrior. You freeze the orc warrior.
Your tail-slap misses the orc warrior.
The orc warrior is severely wounded.
The orc warrior is engulfed in noxious fumes.
The orc warrior appears confused.
The orc warrior hits you with a +0 hand axe!!
You die...

####......##........#.##......
#.#......###.......######.....
##.##.....##.........###......
##.#......##..........##.....#
#...#...........##....#.......
##.##...........##........####
#####.....○..####........# #
#.......°### ##.#....##
##.....☼[@o# ###..#.#
#......§[°### #...##
######.....§°[○§.# ##.##
##.##............## ###
#........#.###...#####
##......(...##....#..#
###...([..###......##
#<##[[...#......## ###
####.(.........## ##.##


You could see an orc warrior (confused).

Vanquished Creatures
  Kirke (Lair:4)
  6 dire elephants (Lair:6)
  Josephine (D:10)
  A yaktaur captain (D:13)
  8 hydras
  A centaur warrior (D:14)
  A queen ant (Lair:2)
  3 orc high priests
  3 death yaks (Lair:4)
  4 two-headed ogres
  Nergalle (Orc:1)
  2 skeletal warriors (Volcano)
  2 unseen horrors
  An anaconda skeleton (Volcano)
  3 orc knights
  3 orc sorcerers
  2 deep elf magi
  An ugly thing (D:9)
  A manticore (D:12)
  A cyclops (D:11)
  4 black mambas
  4 gargoyles
  A guardian serpent (D:14)
  6 elephants
  8 spiny frogs
  A torpor snail (Lair:6)
  A kobold demonologist (D:15)
  3 centaur skeletons
  8 komodo dragons
  2 trolls
  A polar bear (Lair:6)
  2 hornets
  15 blink frogs
  3 hippogriffs
  3 flying skulls (Volcano)
  Sigmund (D:2)
  A vampire (D:12)
  14 yaks
  An alligator skeleton (Volcano)
  2 wraiths (D:10)
  A basilisk (Lair:1)
  A spriggan (Lair:1)
  A wyvern (D:12)
  2 hogs (Lair:4)
  A hungry ghost (D:12)
  17 soldier ants
  A warg (Orc:1)
  3 acid dragons
  19 water moccasins
  2 porcupines
  3 ice beasts
  20 orc warriors
  A phantom (D:9)
  An eye of draining (D:10)
  12 ogres
  8 centaurs
  36 wolves
  A big kobold (D:11)
  9 crocodiles
  2 gnoll sergeants
  11 bullfrogs
  4 scorpions
  6 wights
  5 killer bees
  3 howler monkeys
  A spriggan skeleton (Volcano)
  2 troll skeletons (Volcano)
  2 electric eels (Lair:6)
  6 crimson imps
  6 hounds
  A quasit (D:11)
  2 bullfrog zombies
  2 human zombies (Ossuary)
  8 orc priests
  A wyvern simulacrum (D:14)
  A gnoll shaman (D:8)
  5 jellies
  14 orc wizards
  2 bullfrog skeletons
  Natasha (thrice) (D:3)
  An iguana (D:5)
  33 worker ants
  A big kobold zombie (Ossuary)
  A mummy (Ossuary)
  2 hound skeletons (D:7)
  A worker ant zombie (D:11)
  15 adders
  14 gnolls
  3 shadow imps
  2 oozes
  2 dart slugs
  3 leopard geckos
  70 orcs
  2 ball pythons
  7 giant cockroaches
  16 goblins
  4 hobgoblins
  9 jackals
  11 kobolds
  2 quokkas
  5 bats
  5 frilled lizards
  A gnoll zombie (Ossuary)
  4 goblin zombies (Ossuary)
  3 jackal zombies (Ossuary)
  5 kobold zombies (Ossuary)
  2 leopard gecko zombies
  10 rats
  A rat zombie (Ossuary)
  2 fungi
  2 plants (Lair:6)
592 creatures vanquished.

Vanquished Creatures (collateral kills)
  Rupert (D:11)
  Agnes (D:14)
  4 hydras
  A centaur warrior (D:9)
  A death knight (D:9)
  An anaconda (Lair:6)
  Urug (D:12)
  3 ugly things
  An orc sorcerer (Orc:1)
  A cyclops (D:13)
  4 elephants
  A spiny frog (Lair:6)
  A gargoyle (Volcano)
  An efreet (D:14)
  2 yaktaurs (D:13)
  A komodo dragon (Lair:6)
  A troll (D:13)
  A bog body (Lair:3)
  A wraith (D:10)
  2 yaks
  A hog (Lair:4)
  Menkaure (D:6)
  3 water moccasins
  2 orc warriors
  A sky beast (D:8)
  3 ice beasts
  2 phantoms
  2 ogres (D:9)
  A necrophage (D:6)
  7 centaurs
  5 wolves (Lair:1)
  A crocodile (Lair:6)
  An elf zombie (Ossuary)
  A big kobold (D:14)
  A bullfrog (D:6)
  A wyvern zombie (D:8)
  A wyvern skeleton (D:9)
  A scorpion (D:9)
  A water moccasin skeleton (D:8)
  3 wights
  3 killer bees
  A crimson imp (D:14)
  2 centaur zombies
  A quasit (D:9)
  A bullfrog zombie (D:9)
  A human zombie (Ossuary)
  2 centaur skeletons
  2 orc wizards
  6 worker ants
  2 big kobold zombies (Ossuary)
  2 mummies (Ossuary)
  3 gnolls
  An adder (D:7)
  A shadow imp (D:6)
  4 adder zombies (Ossuary)
  17 orcs
  A jackal (D:9)
  A gnoll zombie (Ossuary)
  A goblin zombie (Ossuary)
  2 hobgoblin zombies (Ossuary)
  A jackal zombie (D:9)
  A kobold (D:11)
  2 kobold zombies (Ossuary)
  2 quokka zombies (Ossuary)
129 creatures vanquished.

Vanquished Creatures (others)
  15 fungi
  22 plants
37 creatures vanquished.

Grand Total: 758 creatures vanquished

Notes
Turn   | Place    | Note
-------+----------+-------------------------------------------
     0 | D:1      | Nordron the Draconian Ice Elementalist began the quest for
                  | the Orb.
     0 | D:1      | Reached XP level 1. HP: 14/14 MP: 3/3
    81 | D:1      | Reached skill level 1 in Fighting
    81 | D:1      | Reached XP level 2. HP: 9/23 MP: 0/5
  1088 | D:2      | Reached XP level 3. HP: 26/28 MP: 1/6
  1166 | D:2      | Learned a level 2 spell: Throw Frost
  1395 | D:2      | Reached skill level 2 in Fighting
  1550 | D:2      | Noticed Sigmund
  1558 | D:2      | Reached XP level 4. HP: 36/36 MP: 3/8
  1606 | D:2      | Learned a level 4 spell: Throw Icicle
  1676 | D:2      | Killed Sigmund
  1676 | D:2      | Reached skill level 3 in Fighting
  1676 | D:2      | Reached XP level 5. HP: 16/45 MP: 0/10
  2283 | D:2      | Reached XP level 6. HP: 20/51 MP: 0/11
  2551 | D:3      | Noticed Natasha
  2563 | D:3      | Killed Natasha
  3159 | D:3      | Found a glowing golden altar of the Shining One.
  3159 | D:3      | Found a white marble altar of Elyvilon.
  3160 | D:3      | Found a glowing silver altar of Zin.
  3264 | D:3      | Noticed Natasha
  3272 | D:3      | Killed Natasha
  3283 | D:3      | Found a basalt altar of Yredelemnul.
  3285 | D:3      | Noticed Natasha
  3294 | D:3      | Killed Natasha
  3605 | D:4      | Noticed a two-headed ogre
  3694 | D:4      | Reached skill level 4 in Fighting
  3701 | D:4      | Reached skill level 5 in Ice Magic
  3779 | D:4      | Your scales start taking on a dull iron-grey colour.
  3779 | D:4      | Reached XP level 7. HP: 59/60 MP: 3/13
  3779 | D:4      | Gained mutation: You can survive without breathing. [Grey
                  | Draconian growth]
  3895 | D:4      | Found a staircase to the Ecumenical Temple.
  3904 | Temple   | Entered the Ecumenical Temple
  4096 | D:4      | Killed a two-headed ogre
  4096 | D:4      | Reached skill level 5 in Fighting
  4096 | D:4      | Reached skill level 5 in Spellcasting
  4096 | D:4      | Reached XP level 8. HP: 26/70 MP: 2/16
  4299 | D:4      | Learned a level 4 spell: Summon Ice Beast
  4523 | D:4      | Found a shadowy altar of Dithmenos.
  4579 | D:5      | Entered Level 5 of the Dungeon
  4600 | D:5      | Reached skill level 6 in Fighting
  4600 | D:5      | Reached skill level 1 in Summonings
  4835 | D:5      | Found a stormy altar of Qazlal.
  4960 | D:5      | Became a worshipper of Qazlal Stormbringer
  5058 | D:6      | Found a sand-covered staircase.
  5081 | Ossuary  | Entered an ossuary
  5222 | Ossuary  | Reached * piety under Qazlal
  5701 | D:6      | Reached ** piety under Qazlal
  6076 | D:6      | Reached XP level 9. HP: 78/78 MP: 15/18
  6321 | D:6      | Noticed Menkaure
  6326 | D:6      | Killed Menkaure
  6326 | D:6      | Reached skill level 1 in Invocations
  6450 | D:7      | Reached skill level 7 in Fighting
  6621 | D:7      | Reached skill level 5 in Summonings
  6840 | D:7      | Reached *** piety under Qazlal
  7147 | D:7      | Found an ancient bone altar of Kikubaaqudgha.
  7256 | D:7      | Found a runed translucent gate.
  7257 | D:7      | Found a runed translucent gate.
  7258 | D:7      | Found a runed translucent gate.
  7259 | D:7      | Noticed straszyg's ghost (novice GrFi)
  7676 | D:8      | Noticed a two-headed ogre
  7691 | D:8      | Killed a two-headed ogre
  7833 | D:8      | Found a hide-covered altar of Uskayaw.
  7928 | D:8      | Reached XP level 10. HP: 78/88 MP: 12/20
  7950 | D:8      | Found a blossoming altar of Fedhas.
  8424 | D:9      | Noticed a brown ugly thing
  8437 | D:9      | Noticed a red ugly thing
  8450 | D:9      | Noticed a five-headed hydra
  8450 | D:9      | Noticed a centaur warrior
  8454 | D:9      | Noticed a death knight
  9026 | D:8      | Reached **** piety under Qazlal
  9040 | D:8      | Reached skill level 8 in Fighting
  9255 | D:9      | Noticed a two-headed ogre
  9424 | D:9      | Identified the +6 war axe "Ebuj" {freeze, *Corrode Int+5}
  9448 | D:9      | Killed a red ugly thing
  9460 | D:9      | Killed a green ugly thing
  9896 | D:9      | Reached skill level 5 in Invocations
  9998 | D:9      | Killed a two-headed ogre
 10457 | D:9      | Killed a centaur warrior
 10754 | D:9      | Identified The Arcane Arts 101
 10773 | D:9      | Reached skill level 9 in Fighting
 10787 | D:9      | Killed a death knight
 10787 | D:9      | Reached XP level 11. HP: 97/97 MP: 8/23
 10818 | D:9      | Killed a five-headed hydra
 11353 | D:9      | Found a bloodstained altar of Trog.
 11535 | D:10     | Entered Level 10 of the Dungeon
 11578 | D:10     | Found Cunt's Weapon Emporium.
 11709 | D:10     | Found Apuottis's Antique Weapon Boutique.
 11880 | D:10     | Reached skill level 1 in Shields
 11984 | D:10     | Found a staircase to the Lair.
 12004 | D:10     | Noticed Josephine
 12257 | D:10     | Killed Josephine
 12376 | D:11     | Noticed a green ugly thing
 12585 | D:11     | Found a staircase to the Orcish Mines.
 12594 | D:11     | Reached ***** piety under Qazlal
 12789 | D:11     | Killed a green ugly thing
 12941 | D:11     | Noticed a green ugly thing
 12947 | D:11     | Killed a green ugly thing
 13388 | D:11     | Reached skill level 5 in Conjurations
 13481 | D:11     | Noticed an eight-headed hydra
 13492 | D:11     | Killed a nine-headed hydra
 13748 | D:11     | Reached skill level 11 in Fighting
 13748 | D:11     | Reached skill level 10 in Spellcasting
 13748 | D:11     | Reached XP level 12. HP: 110/110 MP: 23/26
 13751 | D:11     | Learned a level 1 spell: Apportation
 13755 | D:11     | Learned a level 3 spell: Mephitic Cloud
 13762 | D:11     | Learned a level 6 spell: Freezing Cloud
 13767 | D:11     | Learned a level 4 spell: Petrify
 13842 | D:12     | Noticed Rupert
 13913 | Lair:1   | Entered Level 1 of the Lair of Beasts
 13915 | Lair:1   | Found a dark tunnel.
 13956 | Lair:1   | Got an ancient long sword
 14130 | Lair:1   | Noticed an eight-headed hydra
 14137 | Lair:1   | Killed an eight-headed hydra
 14672 | Lair:1   | Reached XP level 13. HP: 91/117 MP: 18/27
 15218 | Lair:1   | Identified the +6 long sword of Grace {freeze, +Fly rN+}
                  | (You found it on level 1 of the Lair of Beasts)
 15686 | Lair:2   | Found a shimmering altar of Xom.
 15937 | Lair:2   | Reached skill level 12 in Fighting
 16376 | Lair:2   | Reached skill level 5 in Shields
 17143 | Lair:3   | Found a hole to the Spider Nest.
 17409 | Lair:3   | Reached ****** piety under Qazlal
 17928 | Lair:3   | Found a staircase to the Swamp.
 17954 | Lair:3   | You fall through a shaft for 2 floors!
 19039 | Lair:4   | Noticed Kirke
 19054 | Lair:4   | Killed Kirke
 19205 | Lair:4   | Found the +5 demon whip "Spellbinder" {antimagic, MR+}
 20309 | Lair:5   | Reached XP level 14. HP: 77/127 MP: 18/29
 20934 | Lair:6   | Entered Level 6 of the Lair of Beasts
 21565 | Lair:6   | Reached skill level 13 in Fighting
 22476 | Lair:6   | Found a runed translucent door.
 22477 | Lair:6   | Found a viscous altar of Jiyva.
 22477 | Lair:6   | Noticed an acid blob
 22489 | Lair:6   | Found a staircase to the Slime Pits.
 22710 | Lair:6   | Reached skill level 10 in Invocations
 22825 | Lair:6   | Found the +12 Vampire's Tooth {vamp}
 23566 | Lair:6   | HP: 3/129 [dire elephant (29)]
 24305 | D:12     | Paralysed by Rupert for 6 turns
 24334 | D:11     | Killed Rupert
 24672 | D:12     | Reached skill level 10 in Ice Magic
 25163 | D:12     | Noticed Urug
 25174 | D:12     | Killed Urug
 25471 | D:12     | Found an iron altar of Okawaru.
 25917 | D:13     | Reached skill level 1 in Air Magic
 26183 | D:13     | Found a gate to the Vaults.
 26242 | D:13     | Found a shimmering altar of Xom.
 26745 | D:14     | Found a runed translucent door.
 26762 | D:14     | Found a runed translucent door.
 26773 | D:14     | Found a runed translucent door.
 26791 | D:14     | Found a runed translucent door.
 27126 | D:14     | Noticed Agnes
 27138 | D:14     | Killed Agnes
 27928 | D:15     | Entered Level 15 of the Dungeon
 28068 | D:15     | Identified Roxanne's Papyrus of the Mountains
 28068 | D:15     | Noticed Roxanne
 28348 | Orc:1    | Entered Level 1 of the Orcish Mines
 28352 | Orc:1    | Noticed Nergalle
 28359 | Orc:1    | Killed Nergalle
 28386 | Orc:1    | Paralysed by an orc sorcerer for 3 turns
 28408 | Orc:1    | Reached XP level 15. HP: 70/137 MP: 1/31
 28495 | Orc:1    | Found a dark tunnel.
 28588 | Volcano  | Entered a volcano
 28699 | Volcano  | Reached skill level 1 in Earth Magic
 29408 | Orc:2    | Entered Level 2 of the Orcish Mines
 29408 | Orc:2    | Found a staircase to the Elven Halls.
 30131 | Orc:1    | Reached skill level 14 in Fighting
 30394 | Orc:1    | Slain by an orc warrior

Skill      XL: |  1  2  3  4  5  6  7  8  9 10 11 12 13 14 15 |
---------------+----------------------------------------------+-----
Fighting       | 1 2 3 4 5 6 7 9 11 12 13 14 | 14.0
Spellcasting   | 3 4 5 6 8 10 11 12 | 12.1
Ice Magic      | 4 5 6 7 8 9 10 | 10.1
Summonings     | 4 6 7 |  7.0
Invocations    | 3 5 7 9 10 | 10.0
Conjurations   | 3 5 7 9 |  9.0
Shields        | 3 6 8 |  8.9
Air Magic      | 2 3 |  3.7
Earth Magic    | 2 |  2.6
Dodging        | |  1.7
Stealth        | |  1.7

Action                   |  1- 3 |  4- 6 |  7- 9 | 10-12 | 13-15 || total
-------------------------+-------+-------+-------+-------+-------++-------
Melee: Unarmed           |    33 |       |       |       |       ||    33
       Tailslap          |     4 |     2 |    53 |    37 |    78 ||   174
       Dagger            |       |    28 |     7 |       |       ||    35
       Staff             |       |       |   287 |    70 |       ||   357
       War axe           |       |       |       |   181 |   483 ||   664
 Cast: Freeze            |    49 |    93 |   185 |   175 |   229 ||   731
       Throw Frost       |       |       |    14 |     1 |    11 ||    26
       Summon Ice Beast  |       |       |    25 |    82 |   104 ||   211
       Throw Icicle      |       |       |     1 |     5 |   119 ||   125
       Mephitic Cloud    |       |       |       |    10 |    50 ||    60
Invok: Upheaval          |       |       |     2 |     1 |     2 ||     5
       Disaster Area     |       |       |       |       |     2 ||     2
Evoke: Wand              |       |       |       |     9 |     5 ||    14
  Use: Scroll            |       |       |    12 |    15 |     9 ||    36
       Potion            |       |       |       |     1 |     5 ||     6
 Stab: Sleeping          |       |     1 |       |       |       ||     1
       Distracted        |       |       |     1 |     2 |       ||     3
       Confused          |       |       |       |     3 |    11 ||    14
  Eat: Chunk             |     2 |     7 |    15 |    21 |    20 ||    65
       Ration            |       |       |     1 |     2 |     9 ||    12
Armor: Skin              |    25 |    43 |   218 |   181 |   276 ||   743
Dodge: Dodged            |    40 |    63 |   290 |   249 |   412 ||  1054
       Deflected         |       |       |       |     6 |    25 ||    31
Block: Other             |       |       |    52 |   121 |   310 ||   483
